 Dungeon Crawl Stone Soup version 0.19.0 (webtiles) character file.

316 kraedy the Cudgeler (level 6, -3/37 HPs)
             Began as a Gargoyle Fighter on Nov 1, 2016.
             Slain by an ogre
             ... wielding a +0 giant spiked club
              (9 damage)
             ... on level 4 of the Dungeon.
             The game lasted 00:07:43 (2691 turns).

kraedy the Cudgeler (Gargoyle Fighter)              Turns: 2691, Time: 00:07:44

Health: -3/37      AC: 19    Str: 26    XL:     6   Next: 44%
Magic:  6/6        EV:  4    Int:  9    God:
Gold:   96         SH:  9    Dex:  9    Spells: 0 memorised, 5 levels left

rFire  . . .     SeeInvis .     b - +2 whip (elec)
rCold  . . .     Gourm    .     j - +0 plate armour
rNeg   + + .     Faith    .     c - +0 shield
rPois  ∞         Spirit   .     (no helmet)
rElec  +         Reflect  .     (no cloak)
rCorr  .         Harm     .     (no gloves)
MR     .....                    s - +2 pair of boots
Stlth  ..........               (no amulet)
                                n - ring of positive energy
                                l - ring of wizardry

@: mighty
A: negative energy resistance 1, electricity resistance, unbreathing,
petrification resistance, rot immunity, AC +4
a: no special abilities


You were on level 4 of the Dungeon.
You were not hungry.

You visited 1 branch of the dungeon, and saw 4 of its levels.

You collected 96 gold pieces.

Inventory:

Hand Weapons
 b - a +2 whip of electrocution (weapon)
 m - a +0 flail of holy wrath
Missiles
 r - 21 arrows
Armour
 c - a +0 shield (worn)
 j - a +0 plate armour (worn)
 s - a +2 pair of boots (worn)
Jewellery
 l - a ring of wizardry (left hand)
 n - a ring of positive energy (right hand)
Scrolls
 e - a scroll of teleportation {unknown}
 g - a scroll of noise {unknown}
 i - a scroll of amnesia {unknown}
 k - a scroll of enchant weapon {unknown}
 q - a scroll of magic mapping {unknown}
Potions
 a - a potion of degeneration {unknown}
Comestibles
 f - 2 bread rations
 h - 7 fruits
 o - a slice of pizza


   Skills:
 - Level 3.2 Fighting
 + Level 6.6 Maces & Flails
 - Level 3.2 Armour
 - Level 3.2 Shields


You had 5 spell levels left.
You didn't know any spells.

Dungeon Overview and Level Annotations

Branches:
Dungeon (4/15)
 Temple: D:4-7

Altars:
Fedhas
Nemelex Xobeh


Innate Abilities, Weirdness & Mutations

You are resistant to torment.
Your stone body is resilient. (AC +4)
You are immune to poison.
You resist negative energy. (rN+)
You are resistant to electric shocks. (rElec)
You can survive without breathing.
You are immune to petrification.
You are immune to rotting.


Message History

An ogre comes into view. It is wielding a giant spiked club.
The ogre shouts!
A leopard gecko comes into view.
The leopard gecko hisses angrily.
A hound skeleton comes into view.
You hit the ogre.
The ogre is lightly wounded.
The ogre hits you with a giant spiked club!
You hit the ogre.
The ogre is lightly wounded.
You hit the ogre but do no damage.
The ogre is lightly wounded.
The ogre hits you with a giant spiked club!!
Ouch! That really hurt!
* * * LOW HITPOINT WARNING * * *
You hit the ogre.
The ogre is moderately wounded.
You feel very mighty all of a sudden.
The ogre hits you with a giant spiked club!
You die...

### ## #.. .# #.#
Z### #.# ...
##.####.###.#
#.......@OZl#
#...###.##### ....
#.#
##...###.#######.#
................#
#..####.#########
#..# #.# #..####.#
#.......#


You could see an ogre, a leopard gecko and a hound skeleton.

Vanquished Creatures
  A crimson imp (D:3)
  A quasit (D:3)
  Terence (D:2)
  Ijyb (D:3)
  An iguana (D:4)
  6 adders
  4 gnolls (D:2)
  2 oozes
  3 worms
  3 leopard geckos
  An orc (D:3)
  A ball python (D:1)
  11 bats
  5 hobgoblins
  5 jackals (D:2)
  9 kobolds
  3 quokkas
  5 goblins
  5 rats
68 creatures vanquished.

Notes
Turn   | Place    | Note
-------+----------+-------------------------------------------
     0 | D:1      | kraedy the Gargoyle Fighter began the quest for the Orb.
     0 | D:1      | Reached XP level 1. HP: 14/14 MP: 1/1
    91 | D:1      | You fall through a shaft!
   116 | D:2      | Reached XP level 2. HP: 17/19 MP: 2/2
   118 | D:2      | Reached skill level 3 in Maces & Flails
   121 | D:2      | Reached XP level 3. HP: 17/23 MP: 3/3
   193 | D:2      | Reached skill level 4 in Maces & Flails
   550 | D:1      | Reached XP level 4. HP: 27/28 MP: 4/4
  1576 | D:2      | Noticed Terence
  1578 | D:2      | Found a sparkling altar of Nemelex Xobeh.
  1590 | D:2      | Killed Terence
  1590 | D:2      | Reached skill level 5 in Maces & Flails
  1590 | D:2      | Reached XP level 5. HP: 32/32 MP: 5/5
  1922 | D:3      | Noticed Ijyb
  1929 | D:3      | Killed Ijyb
  1941 | D:3      | Found a blossoming altar of Fedhas.
  2096 | D:3      | Reached skill level 6 in Maces & Flails
  2222 | D:3      | Reached XP level 6. HP: 37/37 MP: 6/6
  2691 | D:4      | Slain by an ogre

Skill      XL: |  1  2  3  4  5 |
---------------+----------------+-----
Maces & Flails | 3 4 5 6 |  6.6
Fighting       | |  3.2
Armour         | |  3.2
Shields        | |  3.2

Action                   |  1- 3 |  4- 6 || total
-------------------------+-------+-------++-------
Melee: Flail             |    52 |       ||    52
       Whip              |    12 |   191 ||   203
  Use: Potion            |       |     1 ||     1
  Eat: Chunk             |       |     6 ||     6
Armor: Scale mail        |    32 |       ||    32
       Plate armour      |    10 |   109 ||   119
Dodge: Dodged            |    13 |    15 ||    28
Block: Shield            |    42 |    82 ||   124
